Cogmind - Beta 11 X7 @@@ ROGUE MODE // 2021.08.22 @ 19:31:50 Player: kasaphescent Result: Destroyed by Y-45 Defender with Beam Rifle Performance ------------- Evolutions (1) 500 Regions Visited (2) 400 Robots Destroyed (41) 205 Value Destroyed (974) 974 Prototype IDs (1) 20 Alien Tech Used (0) 0 Bonus (0) 0 TOTAL SCORE: 2099 Bonus ------- None Cogmind --------- Core Integrity 0/400 Matter 292/300 Energy 140/140 System Corruption 4% Temperature Warm (128) Movement Walking (120) Location -9/Materials Parts ------- > --- POWER (1) -------- Light Deuterium Engine > --- PROPULSION (4) --- Aluminum Leg Aluminum Leg Improved Aluminum Leg Improved Aluminum Leg > --- UTILITY (2) ------ Large Storage Unit Melee Analysis Suite > --- WEAPON (2) ------- Great Maul Great Maul > --- INVENTORY (15) --- Light Deuterium Engine Light Deuterium Engine Armored Wheel Armored Wheel Large Matter Pod (150) Melee Analysis Suite Melee Analysis Suite Melee Analysis Suite Light Armor Plating Hacking Suite Light Assault Rifle Great Maul Mining Claw Peak State ------------ > --- POWER ------------ Light Deuterium Engine > --- PROPULSION ------- Aluminum Leg Aluminum Leg Improved Aluminum Leg Improved Aluminum Leg > --- UTILITY ---------- Large Storage Unit Melee Analysis Suite > --- WEAPON ----------- Great Maul Great Maul > --- INVENTORY -------- Light Deuterium Engine Light Deuterium Engine Armored Wheel Armored Wheel Large Matter Pod Melee Analysis Suite Melee Analysis Suite Melee Analysis Suite Light Armor Plating Light Assault Rifle Great Maul Mining Claw [Rating: 21] Favorites ----------- Power Cooled Ion Engine Engine Cooled Ion Engine Propulsion Aluminum Leg Leg Aluminum Leg Wheel Compact Wheel Utility Large Storage Unit Storage Large Storage Unit Processor Melee Analysis Suite Protection Light Armor Plating Weapon Great Maul Ballistic Gun Light Assault Rifle Impact Weapon Great Maul Build | -11 -10 -9 ------- Run | Scr Mat Mat Slots Evolved 2 | . . 2 Power . | . . . Propulsion 2 | . . 2 Utility . | . . . Weapon . | . . . Parts Attached 31 | 6 2 23 Power 5 | 1 . 4 Engine 5 | 1 . 4 Core . | . . . Reactor . | . . . Propulsion 16 | 2 . 14 Treads . | . . . Leg 11 | 2 . 9 Wheel 5 | . . 5 Hover . | . . . Flight . | . . . Utility 4 | 1 2 1 Device . | . . . Storage 2 | 1 1 . Processor 1 | . . 1 Hackware . | . . . Protection 1 | . 1 . Artifact . | . . . Weapon 6 | 2 . 4 Energy Gun . | . . . Energy Cannon . | . . . Ballistic Gun 2 | 2 . . Ballistic Cannon . | . . . Launcher . | . . . Special Weapon . | . . . Impact Weapon 4 | . . 4 Slashing Weapon . | . . . Piercing Weapon . | . . . Special Melee Weapon . | . . . Unidentified Prototypes 1 | . . 1 Parts Lost 11 | . . 11 Power 1 | . . 1 Propulsion 9 | . . 9 Utility . | . . . Weapon 1 | . . 1 Highest Loss Streak 5 | . . 5 Average Slot Usage (%) 94 | . 97 93 Engine 11 | . 14 10 Leg 32 | . 28 33 Wheel 4 | . . 5 Storage 11 | . 14 11 Processor 8 | . . 10 Protection 2 | . 11 . Ballistic Gun 6 | . 28 . Impact Weapon 16 | . . 20 Naked Turns . | . . . Heaviest Build 37 | 12 30 37 Greatest Support 58 | 20 20 58 Greatest Overweight (x) 3 | 3 1 1 Average Overweight (x) . | . . . Largest Inventory Capacity 15 | 8 15 15 Average Capacity 14 | 7 13 15 Most Carried 15 | 7 11 15 Average Carried 11 | 4 8 12 Final Capacity 15 | 8 15 15 Final Carried 13 | 5 11 13 Class Distribution -------------------- 100% | Mutant Dominant Class ---------------- Mutant | -10/Materials Mutant | -9/Materials Resources | -11 -10 -9 ----------- Run | Scr Mat Mat Matter Collected 750 | 266 117 367 Remotely . | . . . Salvage Created 1561 | 59 131 1371 Parts 61 | 2 5 54 Haulers Intercepted 4 | . . 4 Recyclers Shooed 1 | . . 1 Parts Field Recycled . | . . . Retrieved Matter . | . . . Parts Self-Destructed . | . . . Prevented . | . . . Kills | -11 -10 -9 ------- Run | Scr Mat Mat Combat Hostiles Destroyed 24 | . 3 21 Melee 14 | . . 14 Guns 3 | . 3 . Classes Destroyed 11 | 1 1 9 Worker 3 | . . 3 Builder 4 | . . 4 Tunneler 1 | . . 1 Hauler 4 | . . 4 Recycler 2 | 1 . 1 Operator 1 | . . 1 Watcher 2 | . . 2 Swarmer 2 | . . 2 Grunt 15 | . 3 12 Brawler 2 | . . 2 Sentry 5 | . . 5 Best Kill Streak 6 | 1 2 6 Combat Bots Only 5 | . 2 5 Max Kills in Single Turn 1 | 1 1 1 Gunslinging . | . . . Exploded . | . . . Melee 1 | . . 1 Uniques/NPCs Destroyed . | . . . Combat | -11 -10 -9 -------- Run | Scr Mat Mat Damage Taken 1958 | . 233 1725 Core 440 | . 26 414 Absorbed by Shields . | . . . Core Remaining (%) 94 | 100 89 . Volleys Fired 19 | 3 16 . Largest 2 | 2 2 . Hottest 40 | 40 40 . Shots Fired 38 | 6 32 . Gun 38 | 6 32 . Cannon . | . . . Launcher . | . . . Special . | . . . Kinetic 38 | 6 32 . Thermal . | . . . Explosive . | . . . Electromagnetic . | . . . Robot Hit Streak 5 | 3 5 . Robot Miss Streak 3 | 1 3 . Penetration Max . | . . . Secondary Targets 1 | . 1 . Max Gunslinging Chain 1 | . 1 . Shots Hit Robots 114 | 5 18 91 Core Hits 31 | 2 9 20 Critical Kills 2 | . 1 1 Critical Parts Destroyed 3 | . . 3 Critical Strikes 5 | . 1 4 Destroy 1 | . 1 . Smash 4 | . . 4 Melee Attacks 117 | . . 117 Impact 117 | . . 117 Slashing . | . . . Piercing . | . . . Sneak Attacks 15 | . . 15 Combat Hostiles . | . . . Follow-up Attacks 7 | . . 7 Damage Inflicted 3461 | 52 139 3270 Guns 191 | 52 139 . Cannons . | . . . Explosions . | . . . Melee 3270 | . . 3270 Ramming . | . . . Kinetic 191 | 52 139 . Thermal . | . . . Explosive . | . . . Electromagnetic . | . . . Impact 3270 | . . 3270 Slashing . | . . . Piercing . | . . . Highest Corruption 4 | . . 4 Average Corruption 4 | . . 4 Corruption Purged . | . . . Effects 29 | . . 29 Message Errors 7 | . . 7 Matter Fused 13 | . . 13 Heat Flow Errors 5 | . . 5 Energy Discharges 3 | . . 3 Data Loss (minor) 1 | . . 1 Overload Shots . | . . . Overflow Damage 784 | . . 784 Projectiles 20 | . . 20 Explosions . | . . . Melee 764 | . . 764 Knockbacks 9 | . . 9 Impact 7 | . . 7 Kinetic . | . . . Secondary 2 | . . 2 Self-Inflicted Damage . | . . . Shots . | . . . Rammed . | . . . Targets Rammed . | . . . Kicked . | . . . Crushed . | . . . Highest Temperature 255 | . 58 255 Average Temperature 69 | . 23 112 Received Heat Transfer 765 | . 129 636 Siege Activations . | . . . Robots Corrupted . | . . . Combat Hostiles . | . . . Parts Fried 27 | . . 27 Impact Corruptions 32 | . . 32 Robots Melted . | . . . Combat Hostiles . | . . . Parts Melted . | . . . Heat Transferred . | . . . Parts Sabotaged . | . . . Parts Stolen . | . . . Parts Stripped . | . . . Power Chain Reactions . | . . . Missiles Intercepted . | . . . Alert | -11 -10 -9 ------- Run | Scr Mat Mat Peak Influence 360 | 5 103 360 Initial 42 | . 3 42 Average 165 | 1 41 205 Maximum Alert Level 1 | . . 1 Low Security (%) 54 | 100 100 40 Level 1 45 | . . 59 Level 2 . | . . . Level 3 . | . . . Level 4 . | . . . Level 5 . | . . . High Security . | . . . Max Security . | . . . Squads Dispatched 2 | . . 2 Investigation . | . . . Extermination . | . . . Reinforcement 2 | . . 2 Assault . | . . . Garrison . | . . . Intercept . | . . . Construction Impeded . | . . . Haulers Reinforced . | . . . Active Scanning Responses . | . . . Cargo Convoy Interrupts . | . . . Stealth | -11 -10 -9 --------- Run | Scr Mat Mat Distress Signals 5 | . 2 3 Communications Jammed . | . . . Distress Signals . | . . . Times Spotted 45 | . 6 39 Peak Tracking Total 7 | . 4 7 Tactical Retreats 3 | . . 3 Traps | -11 -10 -9 ------- Run | Scr Mat Mat Traps Triggered . | . . . Indirectly . | . . . Trap Hack Attempts . | . . . Triggered . | . . . Disarmed . | . . . Reprogrammed . | . . . Reused . | . . . Traps Extracted . | . . . Installed . | . . . Triggered . | . . . Machines | -11 -10 -9 ---------- Run | Scr Mat Mat Machines Disabled 1 | . . 1 Max in Single Turn 1 | . . 1 Machines Sabotaged . | . . . Garrisons Compromised . | . . . Overloaded Fab Kills . | . . . Fab Network Shutdowns . | . . . Hacking | -11 -10 -9 --------- Run | Scr Mat Mat Machines Accessed 3 | . 1 2 Terminals 2 | . 1 1 Fabricators . | . . . Repair Stations 1 | . . 1 Recycling Units . | . . . Scanalyzers . | . . . Garrison Access . | . . . Total Hacks 11 | . 2 9 Successful 8 | . 2 6 Failed 3 | . . 3 Catastrophic . | . . . Database Lockouts . | . . . Manual 3 | . 2 1 Terminals 6 | . 2 4 Fabricators . | . . . Repair Stations 5 | . . 5 Recycling Units . | . . . Scanalyzers . | . . . Garrison Access . | . . . Terminal Hacks 1 | . . 1 Zone Layout 1 | . . 1 Fabricator Hacks . | . . . Repair Station Hacks 4 | . . 4 Scan Component 2 | . . 2 Repair 2 | . . 2 Recycling Unit Hacks . | . . . Scanalyzer . | . . . Garrison Access Hacks . | . . . Unauthorized Hacks 3 | . 2 1 Terminals 3 | . 2 1 Track 2 | . 1 1 Botnet 1 | . 1 . Fabricators . | . . . Repair Stations . | . . . Recycling Units . | . . . Scanalyzers . | . . . Garrison Access . | . . . Data Cores Recovered . | . . . Used . | . . . Hacking Detections 3 | . 1 2 Full Trace Events . | . . . Feedback Events . | . . . Feedback Blocked . | . . . Robot Schematics Acquired . | . . . Robots Built . | . . . Matter . | . . . Time . | . . . Total Robot Build Rating . | . . . Part Schematics Acquired . | . . . Parts Built . | . . . Matter . | . . . Time . | . . . Total Part Build Rating . | . . . Parts Repaired 2 | . . 2 Time 64 | . . 64 Parts Recycled . | . . . Recycled Matter . | . . . Retrieved Matter . | . . . Retrieved Components . | . . . Parts Scanalyzed . | . . . Part Schematics Acquired . | . . . Parts Damaged . | . . . Bothacking | -11 -10 -9 ------------ Run | Scr Mat Mat Used RIF Installer . | . . . Robots Hacked . | . . . Non-combat . | . . . Combat . | . . . Robot Hacks Applied . | . . . Relay Couplers Released . | . . . Robots Rewired . | . . . Allies Hacked . | . . . Hacks Repelled . | . . . Allies | -11 -10 -9 -------- Run | Scr Mat Mat Total Allies . | . . . Largest Group . | . . . Highest-Rated Group . | . . . Highest-Rated Ally . | . . . Total Orders . | . . . Ally Attacks . | . . . Total Damage . | . . . Kills . | . . . Allies Corrupted . | . . . Allies Melted . | . . . Intel | -11 -10 -9 ------- Run | Scr Mat Mat Robot Analysis Total . | . . . Derelict Logs Recovered . | . . . Drone Launches . | . . . Drone Recoveries . | . . . Exploration | -11 -10 -9 ------------- Run | Scr Mat Mat Turns Passed 1653 | 78 311 1264 Spaces Moved 801 | 49 137 615 Core 20 | 20 . . Treads . | . . . Legs 688 | 29 137 522 Wheels 93 | . . 93 Hover . | . . . Flight . | . . . Fastest Speed 50 | 50 120 95 Average Speed 129 | 105 175 121 Slowest Speed 200 | 200 200 200 Overloaded Moves . | . . . Propulsion Burnouts . | . . . Robots Hopped . | . . . Cave-ins Triggered . | . . . Exploration Rate (%) 36 | 4 38 68 Regions Visited 2 Branch Regions . Pre-discovered Areas . | . . . Known Exits Taken . | . . . Unknown Exits Taken 2 | 1 1 . Scrap Searched . | . . . Spaces Dug 2 | . . 2 Terrain Destroyed 2 | . . 2 Melee 2 | . . 2 Projectile . | . . . AOE . | . . . Terrain Rammed . | . . . Walls Destroyed . | . . . Machines Disabled . | . . . Actions | -11 -10 -9 --------- Run | Scr Mat Mat Total 1171 | 69 182 920 Wait 167 | 1 23 143 Move 799 | 48 136 615 Hop . | . . . Pick Up 33 | 9 5 19 Fast Attach 13 | 4 1 8 Attach 13 | 2 . 11 Detach 3 | . . 3 Swap 5 | . 1 4 Drop 14 | 2 . 12 Fire 19 | 3 16 . Melee 105 | . . 105 Ram . | . . . Kick . | . . . Crush . | . . . Escape Stasis . | . . . Rewire . | . . . Trap . | . . . Miscellaneous . | . . . Route ------- -11/Scrapyard -10/Materials -9/Materials History --------- Turn | Location | Event 14 | -11/Scrapyard | Discovered new exit (range 16) 79 | -11/Scrapyard | Entered Materials 306 | -10/Materials | Build established: Mutant 354 | -10/Materials | Discovered new exit (range 15) 390 | -10/Materials | Entered another Materials area 390 | -9/Materials | Evolved 2 slots: Propulsion x2 794 | -9/Materials | Repaired Lgt. Armor Plating 833 | -9/Materials | Repaired Great Maul 901 | -9/Materials | Core integrity fell below 50% 903 | -9/Materials | Lost 5 parts (5n) 1233 | -9/Materials | Core integrity fell below 20% 1516 | -9/Materials | Lost 3 parts (2n1w) 1654 | -9/Materials | Destroyed by Y-45 Defender with Beam Rifle Last Messages --------------- 01540_ Great Maul follow-up attack on G-34 Mercenary. 01540_ G-34 Mercenary destroyed. 01556_ Acquired Aluminum Leg. 01558_ Acquired 10 matter. 01572_ Acquired Imp. Aluminum Leg. 01588_ X%=YA6&QLHSO,POEIJILH,BY&4NKHYD9N1/2: X 01600_ Sneak attack on O-16 Technician. 01600_ O-16 Technician destroyed. 01600_ R-06 Scavenger collects Hover Unit. 01603_ R-06 Scavenger collects Lgt. Ion Engine. 01604_ Acquired Hacking Suite. 01605_ System corrupted: Matter fused (-8). 01606_ Acquired 10 matter. 01608_ R-06 Scavenger collects Datajack. 01617_ O-16 Technician: "IFF HANDSHAKE FAILED. SECURING TERMINAL." 01619_ Terminal disabled. 01624_ ALERT: Hostiles spotted, dispatching reinforcements to Terminal M010. 01629_ K:=Z